[Event "*** Titled Tuesday Blitz"]
[Site "Chess.com"]
[Date "2019.01.01"]
[Round "6"]
[White "matiss90"]
[Black "jacky72"]
[Result "0-1"]
[WhiteElo "2435"]
[BlackElo "2598"]
[TimeControl "180+2"]
[EndTime "14:25:03 PST"]
[Termination "jacky72 won by resignation"]

1. e4 c5 2. Nf3 Nc6 3. d4 cxd4 4. Nxd4 Nf6 5. Nc3 d6 6. Bc4 e6 7. Bb3 Be7 8. Be3 O-O 9. Qe2 Bd7 10. O-O-O Na5 11.
g4 Nxb3+ 12. Nxb3 Bc6 13. f3 a5 14. h4 a4 15. Nd4 a3 16. b3 Qa5 17. Bd2 Rfc8 18. Nd5 Qd8 19. Nxe7+ Qxe7 20. h5 Nd7 21. h6 g6 22. Kb1 e5 23. Nxc6 Rxc6 24. Bb4 Nc5 25. Rd5 Ne6 26. Qd2 Rac8 27. c4 Nd4 28.
Rxd4 exd4 29. Qxd4 Qe5 30. Qd2 b5 31. Bc3 Qc5 32. Rc1 bxc4 33. b4 Rb8 34. Ka1 Qa7 35. Qg5 Kf8 36. Qf6 Qf2 37. Qh8+ Ke7 38. Bf6+ Ke6 39.
Qxb8 Kxf6 40. Qd8+ Ke5 41. Qg5+ f5 42. Qe7+ Kf4 43. Qf6 d5 44. Qc3 d4 45. Qc2 Qxc2 46.
Rxc2 d3 47. Rc1 d2 48. Rd1 c3 49. b5 c2 0-1

[Event "*** Titled Tuesday Blitz"]
[Site "Chess.com"]
[Date "2019.01.01"]
[Round "6"]
[White "olksuna"]
[Black "essequamvideris"]
[Result "0-1"]
[WhiteElo "2490"]
[BlackElo "2409"]
[TimeControl "180+2"]
[EndTime "14:25:15 PST"]
[Termination "essequamvideris won on time"]

1. c4 Nf6 2. Nf3 g6 3. g3 Bg7 4. Bg2 O-O 5. O-O c5 6. Nc3 Nc6 7. d4 cxd4 8. Nxd4 Nxd4 9. Qxd4 d6 10. e4 Be6 11. Qd3 Rc8 12. b3 Qa5 13. Bb2 Qh5 14. f3 Nd7 15. Rad1 Qc5+ 16. Kh1 Ne5 17. Qe2 Nxc4 18.
Ba1 Nb6 19. Nd5 Bxd5 20. Bxg7 Kxg7 21. exd5 Nxd5 22. Rde1 e6 23. f4 Nc3 24. Qd2 d5 25. g4 Rfe8 26. f5 exf5 27. Rxe8 Rxe8 28. gxf5 f6 29.
Rc1 d4 30. fxg6 hxg6 31. Bxb7 g5 32. Bg2 Re3 33. Rf1 Qe5 34. Rc1 d3 35. h3 Ne2 36.
Rc7+ Kh6 37. Rc6 Ng3+ 38. Kg1 Re1+ 0-1

[Event "*** Titled Tuesday Blitz"]
[Site "Chess.com"]
[Date "2019.01.01"]
[Round "6"]
[White "Peng_Li-Min"]
[Black "GeorgMeier"]
[Result "1/2-1/2"]
[WhiteElo "2678"]
[BlackElo "2818"]
[TimeControl "180+2"]
[EndTime "14:25:17 PST"]
[Termination "Game drawn by agreement"]

1. e4 e6 2. d4 d5 3. Nc3 dxe4 4. Nxe4 Nd7 5. Nf3 Ngf6 6. Bd3 c5 7. O-O Nxe4 8.
Bxe4 Nf6 9. Bd3 cxd4 10. Nxd4 Bc5 11. Nb3 Bd6 12. Bb5+ Bd7 13. Qxd6 Bxb5 14. Qxd8+ Rxd8 15. Re1 Ba4 16. c3 b6 17. Nd4 Rd5 18. b3 Bd7 19. Nf3 Bc6 20. c4 Rd8 21. Ne5 Bb7 22. a4 Nd7 23. Nxd7 Rxd7 24. a5 bxa5 25. Rxa5 a6 26.
Ba3 Kd8 27. b4 f6 28. f3 e5 29. b5 axb5 30. cxb5 Re8 31. Rc1 e4 32. fxe4 Rxe4 33. Bc5 Re2 34. Bb6+ Ke8 35. Bf2 Rdd2 36. Ra7 Rxf2 37.
Rxb7 Rxg2+ 38. Kf1 Rgf2+ 39. Kg1 Rg2+ 40. Kf1 Rxh2 41.
Rc8+ Rd8 42. Rxd8+ Kxd8 43. Rxg7 Rb2 44. Rxh7 Rxb5 45. Kf2 Ke8 46. Kf3 Re5 47. Kf4 Re7 48. Rxe7+ Kxe7 49. Kf5 Kf7 50. Kf4 Kg6 51. Kg4 f5+ 52. Kf4 Kf6 53. Kf3 Kg5 54. Kg3 1/2-1/2

[Event "*** Titled Tuesday Blitz"]
[Site "Chess.com"]
[Date "2019.01.01"]
[Round "6"]
[White "MasterKroket"]
[Black "SanchezKelvin"]
[Result "0-1"]
[WhiteElo "2449"]
[BlackElo "2539"]
[TimeControl "180+2"]
[EndTime "14:25:20 PST"]
[Termination "SanchezKelvin won by resignation"]

1. d4 Nf6 2. c4 g6 3. Nc3 Bg7 4. e4 d6 5. Nf3 O-O 6. Be2 Bg4 7.
O-O c5 8. d5 e6 9. Bg5 h6 10.
Bh4 exd5 11. cxd5 a6 12. a4 Nbd7 13. Nd2 Bxe2 14. Qxe2 g5 15. Bg3 Qe7 16. f3 Ne5 17.
Bxe5 Qxe5 18. Nc4 Qe7 19. f4 gxf4 20. Rxf4 Nd7 21. Raf1 Rab8 22. a5 Rbe8 23. Qh5 Ne5 24. Nxe5 Qxe5 25. Qh4 Qg5 26. Qh3 Kh8 27. Rg4 Qe7 28. Rf5 Rg8 29. Rh5 Qf6 30. e5 Rxe5 31. Ne4 Rxh5 32. Qxh5 Qd4+ 33. Kf1 f5 34. Rg6 Qd3+ 35.
Kf2 Bd4+ 36. Ke1 Qxe4+ 37. Kd1 Rxg6 38. Qxg6 0-1

[Event "*** Titled Tuesday Blitz"]
[Site "Chess.com"]
[Date "2019.01.01"]
[Round "6"]
[White "Fins0905"]
[Black "BogdanDeac"]
[Result "0-1"]
[WhiteElo "2574"]
[BlackElo "2747"]
[TimeControl "180+2"]
[EndTime "14:25:22 PST"]
[Termination "BogdanDeac won by resignation"]

1. d4 Nf6 2. c4 e6 3. Nf3 d5 4.
Bg5 Bb4+ 5. Nc3 h6 6. Bxf6 Qxf6 7. Qa4+ Nc6 8. e3 O-O 9. Rc1 Rd8 10. Be2 Bf8 11. O-O a6 12. a3 dxc4 13. Qxc4 Qe7 14. Ne4 a5 15. Rfd1 Ra7 16. Nc5 Nb8 17. Nd3 c6 18.
Nfe5 Nd7 19. f4 Nf6 20. Bf3 Nd5 21. Re1 g6 22. Qc2 Bg7 23. Nc5 Qd6 24. Qf2 Ne7 25. g4 f6 26. Nc4 Qc7 27. Qc2 b6 28. Ne4 f5 29. Nf2 c5 30. Ne5 g5 31. Nfd3 gxf4 32. exf4 Rxd4 33. gxf5 Nxf5 34. Be4 Bb7 35. Qg2 Bxe4 36.
Rxe4 Qd6 37. Rxd4 Qxd4+ 38. Kh1 Qd5 39. Re1 Kh7 40. Qxd5 exd5 41. Nf2 Re7 42. Nfg4 b5 43. Rc1 c4 44. Rd1 d4 45. Kg1 h5 46. Nf2 Bxe5 47.
fxe5 Rxe5 48. Nh3 Re2 49. Ng5+ Kh6 50. Nf3 d3 0-1

[Event "*** Titled Tuesday Blitz"]
[Site "Chess.com"]
[Date "2019.01.01"]
[Round "6"]
[White "Karina_Oparina"]
[Black "aRk_iN"]
[Result "1-0"]
[WhiteElo "2055"]
[BlackElo "2069"]
[TimeControl "180+2"]
[EndTime "14:25:23 PST"]
[Termination "Karina_Oparina won by resignation"]

1. Nf3 d5 2. g3 Nf6 3. Bg2 c6 4.
O-O Bf5 5. c4 e6 6. cxd5 cxd5 7.
d3 Be7 8. Nc3 O-O 9. Qb3 Nc6 10.
Qxb7 Nb4 11. Bf4 Nh5 12. Bc7 Qc8 13. Qxc8 Rfxc8 14. Bf4 Nxf4 15. gxf4 Bf6 16. Rfc1 Rab8 17. a3 Nc6 18. Rab1 Na5 19. e4 dxe4 20. dxe4 Bxc3 21. exf5 Bf6 22. fxe6 fxe6 23. Rxc8+ Rxc8 24. b4 Nc4 25. Rc1 Bb2 26. Rc2 Bxa3 27. b5 Nb6 28. Rxc8+ Nxc8 29. Nd4 Kf7 30. Bh3 Kf6 31. Nxe6 Nd6 32. Nc7 Bc5 33. Bf1 Ne4 34. Nd5+ Kf5 35. Bd3 Bxf2+ 36. Kg2 Bc5 37. Kf3 1-0

[Event "*** Titled Tuesday Blitz"]
[Site "Chess.com"]
[Date "2019.01.01"]
[Round "6"]
[White "ramses135"]
[Black "andante"]
[Result "1-0"]
[WhiteElo "2478"]
[BlackElo "2291"]
[TimeControl "180+2"]
[EndTime "14:25:29 PST"]
[Termination "ramses135 won by resignation"]

1. d4 g6 2. e4 Bg7 3. Nc3 a6 4. a4 d6 5. Nf3 Nf6 6. h3 O-O 7. Be3 Nc6 8. Be2 e5 9. d5 Ne7 10. a5 c5 11. Nd2 Bd7 12. Nc4 Qc7 13. O-O Ne8 14. Nb6 Rd8 15. Nca4 f5 16. Nxd7 Rxd7 17. Nb6 Rd8 18. f3 Nf6 19. Qd3 f4 20. Bf2 g5 21. Rab1 Nd7 22. Nxd7 Rxd7 23. b4 cxb4 24. Rxb4 Qxa5 25. Rfb1 b5 26. c4 bxc4 27. Qxc4 Qd8 28.
Qxa6 Ng6 29. Rb7 g4 30. hxg4 Rxb7 31. Rxb7 Qa8 32. Ra7 Qc8 33. Qxd6 Qc1+ 34. Bf1 Rc8 35. Qd7 Bf6 36. Qf7+ 1-0

[Event "*** Titled Tuesday Blitz"]
[Site "Chess.com"]
[Date "2019.01.01"]
[Round "6"]
[White "SARGISMV"]
[Black "iLuusions"]
[Result "0-1"]
[WhiteElo "2411"]
[BlackElo "2571"]
[TimeControl "180+2"]
[EndTime "14:25:30 PST"]
[Termination "iLuusions won by resignation"]

1. Nf3 Nf6 2. c4 e6 3. Nc3 d5 4. d4 Bb4 5. cxd5 exd5 6. Bg5 h6 7.
Bh4 O-O 8. Rc1 c5 9. a3 Bxc3+ 10.
Rxc3 c4 11. Ne5 g5 12. Bg3 Ne4 13. h4 Nxc3 14. bxc3 Kg7 15. e4 Rh8 16. Qh5 Be6 17. exd5 Bxd5 18. Bxc4 Bxc4 19. Nxc4 Nc6 20. O-O Qf6 21.
d5 b5 22. Nd6 Rad8 23. dxc6 Rxd6 24. Bxd6 Qxd6 25. hxg5 Qxc6 26. Re1 Qxc3 27. Re3 Qc1+ 28. Kh2 hxg5 29. Qxh8+ Kxh8 30. Rh3+ Kg7 31. Rc3 Qxc3 0-1

[Event "*** Titled Tuesday Blitz"]
[Site "Chess.com"]
[Date "2019.01.01"]
[Round "6"]
[White "mitrabhaa"]
[Black "NTBT_DHS"]
[Result "1-0"]
[WhiteElo "2592"]
[BlackElo "2687"]
[TimeControl "180+2"]
[EndTime "14:25:31 PST"]
[Termination "mitrabhaa won by resignation"]

1. Nf3 g6 2. g3 Bg7 3. Bg2 d6 4. O-O Nf6 5. d4 O-O 6. a4 Na6 7. a5 c5 8. dxc5 Nxc5 9. c3 Qc7 10.
Nd4 a6 11. Nd2 e5 12. Nc2 Be6 13. Nb4 Rad8 14. Nf3 h6 15. Ra3 Rfe8 16. Be3 Ng4 17. Bd2 d5 18. h3 Nf6 19. Be3 d4 20. cxd4 exd4 21. Nxd4 Nfe4 22. Nxe6 Rxe6 23. Qb1 Nxg3 24. fxg3 Rxe3 25. Rxe3 Bd4 26. Rf3 Nb3 27. Qc2 Qxc2 28.
Nxc2 Bxe3+ 29. Rxe3 Nxa5 30. Re7 b5 31. Nb4 Nc4 32.
b3 Nd2 33. Nxa6 Nxb3 34. Nc7 Nd4 35. Bd5 Rf8 36. e4 b4 37. Ne8 b3 38. Nd6 b2 39.
Rb7 Rd8 40. Nxf7 Ra8 41. Ne5+ Kf8 42. Nxg6+ Ke8 43. Rxb2 Ra3 44. Kg2 Kd7 45. Nh4 Kd6 46. Rd2 Kc5 47. Nf5 Nb3 48. Bxb3 Rxb3 49. Nxh6 1-0

[Event "*** Titled Tuesday Blitz"]
[Site "Chess.com"]
[Date "2019.01.01"]
[Round "6"]
[White "Martins-BR"]
[Black "Berardino"]
[Result "0-1"]
[WhiteElo "2221"]
[BlackElo "2412"]
[TimeControl "180+2"]
[EndTime "14:25:32 PST"]
[Termination "Berardino won by checkmate"]

1. e4 c5 2. f4 d5 3. exd5 Nf6 4.
Bb5+ Bd7 5. Bxd7+ Qxd7 6. c4 e6 7.
dxe6 fxe6 8. Nf3 Nc6 9. O-O O-O-O 10. Nc3 Bd6 11. g3 e5 12. fxe5 Nxe5 13. Nb5 Nxc4 14. Qa4 a6 15. Na7+ Kb8 16. Qxc4 Kxa7 17. d4 Rc8 18. dxc5 Bxc5+ 19. Kh1 Qh3 20. Bf4 Ng4 21. Qe2 Rhe8 22. Qg2 Qxg2+ 23. Kxg2 Re2+ 24. Kh3 Nf2+ 25. Kh4 Be7+ 26. Bg5 Rc4+ 27. Kh5 Bf8 28. Bd8 g6+ 29. Kg5 Bg7 30. Rxf2 Rxf2 31. Ne5 Rf5# 0-1

[Event "*** Titled Tuesday Blitz"]
[Site "Chess.com"]
[Date "2019.01.01"]
[Round "6"]
[White "Kacparov"]
[Black "Dr-Bassem"]
[Result "1-0"]
[WhiteElo "2757"]
[BlackElo "2712"]
[TimeControl "180+2"]
[EndTime "14:25:37 PST"]
[Termination "Kacparov won on time"]

1. e4 e5 2. Nf3 Nc6 3. Bb5 a6 4. Ba4 Nf6 5. d3 d6 6. c4 g6 7. h3 Bg7 8. O-O O-O 9. Nc3 Bd7 10. Be3 Qe8 11. Rc1 Nh5 12. Nd5 Rc8 13. b4 f5 14.
b5 Nd8 15. Bb3 f4 16. c5 Kh8 17. Bd2 dxc5 18. bxa6 b6 19. a7 Bc6 20. Bc3 Nf7 21. a4 Nf6 22. a5 Nxd5 23. exd5 Bb7 24. Re1 Ra8 25. axb6 cxb6 26. Ra1 Qe7 27. d4 cxd4 28. Bxd4 Qd6 29. Bb2 Rfd8 30. Qe2 Bxd5 31. Red1 Qc6 32. Nxe5 Nxe5 33. Bxe5 1-0

[Event "*** Titled Tuesday Blitz"]
[Site "Chess.com"]
[Date "2019.01.01"]
[Round "6"]
[White "Mikhail_Golubev"]
[Black "swisspower96"]
[Result "1-0"]
[WhiteElo "2509"]
[BlackElo "2527"]
[TimeControl "180+2"]
[EndTime "14:25:37 PST"]
[Termination "Mikhail_Golubev won by resignation"]

1. e4 c5 2. Nf3 d6 3. d4 cxd4 4.
Nxd4 Bd7 5. Nc3 a6 6. Bc4 e6 7.
O-O Ne7 8. a4 Nbc6 9. Be3 Rc8 10. Ba2 Nxd4 11. Qxd4 Nc6 12. Qd2 Be7 13. f4 O-O 14.
Rad1 Qa5 15. Kh1 Rfd8 16. f5 Ne5 17. fxe6 Bxe6 18. Bxe6 fxe6 19. Nd5 Qxd2 20. Nxe7+ Kh8 21. Bxd2 Rxc2 22. Bc3 Ng4 23. Rf7 e5 24. Rdf1 h5 25. h3 Nf6 26. Nd5 Nxe4 27. Kh2 Nxc3 28. bxc3 Rd2 29.
Ne7 d5 30. R1f5 Rd6 31. Rxh5+ Rh6 32.
Rxh6+ gxh6 33. Ng6+ Kg8 34. Nxe5 Re2 35. Rf5 Re4 36. a5 Ra4 37. Ng4 Rxa5 38. Nxh6+ Kg7 39. Ng4 Rc5 40. h4 Rc4 41. Rg5+ Kf7 42. h5 a5 43. h6 Rxc3 44. Rxd5 Rc4 45. Kg3 Rc3+ 46. Kh4 b6 47.
Rd7+ Kg6 48. Rg7+ Kf5 49. h7 Rc1 50. Kh3 Rc3+ 51. g3 Rc1 52. h8=Q Rh1+ 53. Nh2 Ke4 54. Qe8+ Kd3 55. Qd7+ Kc3 56. Qc6+ Kb4 57. Qxh1 Ka4 58. Rg4+ 1-0

[Event "*** Titled Tuesday Blitz"]
[Site "Chess.com"]
[Date "2019.01.01"]
[Round "6"]
[White "attack2mateU"]
[Black "gonzaga23"]
[Result "0-1"]
[WhiteElo "2597"]
[BlackElo "2446"]
[TimeControl "180+2"]
[EndTime "14:25:40 PST"]
[Termination "gonzaga23 won by resignation"]

1. e4 c6 2. d4 d5 3. e5 Bf5 4. Nd2 c5 5. dxc5 e6 6. Nb3 Nd7 7. Nf3 Bxc5 8. Nxc5 Nxc5 9. Nd4 Ne7 10. Nxf5 Nxf5 11. Bb5+ Nd7 12. O-O O-O 13. Re1 Rc8 14.
c3 Nc5 15. a4 Qb6 16. Qe2 a6 17. Bd3 Nxd3 18. Qxd3 Rc4 19. Bd2 Rfc8 20. b3 R4c7 21. Rab1 h6 22. g3 Qc6 23. a5 Qb5 24. Qxb5 axb5 25.
Ra1 d4 26. c4 bxc4 27. bxc4 Rxc4 28. Rab1 R8c7 29. Red1 g5 30. h3 R4c5 31. Bb4 Rd5 32. Kf1 h5 33. g4 hxg4 34. hxg4 Nh6 35. Bd6 Rc2 36. Rxb7 Nxg4 37. a6 Ra5 38. a7 Kg7 39. Bf8+ Kg6 40. Bb4 Rxf2+ 41. Ke1 Raa2 42. Rxd4 Rae2+ 43. Kd1 Ne3+ 44. Kc1 Rf1+ 0-1

[Event "*** Titled Tuesday Blitz"]
[Site "Chess.com"]
[Date "2019.01.01"]
[Round "6"]
[White "GMWSO"]
[Black "Indianlad"]
[Result "0-1"]
[WhiteElo "2975"]
[BlackElo "2853"]
[TimeControl "180+2"]
[EndTime "14:25:41 PST"]
[Termination "Indianlad won by checkmate"]

1. d4 d5 2. c4 e6 3. Nc3 a6 4.
cxd5 exd5 5. Bf4 Nf6 6. e3 Bd6 7. Bxd6 Qxd6 8. Bd3 O-O 9. Nge2 Re8 10. O-O Bg4 11. Qb3 Bxe2 12. Bxe2 Nbd7 13. Bf3 c6 14. Rac1 h5 15. h4 Rab8 16. Ne2 g6 17. Nf4 Ne4 18.
Qc2 Ndf6 19. g3 Kg7 20. Kg2 Qd7 21. b4 Ng4 22. Rce1 Qf5 23. Qd1 Ngf6 24. a4 Re7 25. b5 axb5 26. axb5 cxb5 27. Qd3 Rc8 28. Qxb5 Nd2 29.
Qb4 Nxf3 30. Qxe7 Re8 31. Qxb7 Qe4 32. Kh3 g5 33. hxg5 Nxg5+ 34. Kh4 Qf5 35. Nxh5+ Nxh5 36. g4 Qf3 37. Qd7 Rh8 38. gxh5 Rxh5# 0-1

[Event "*** Titled Tuesday Blitz"]
[Site "Chess.com"]
[Date "2019.01.01"]
[Round "6"]
[White "MFBerna"]
[Black "MerdeNoms943"]
[Result "1-0"]
[WhiteElo "2330"]
[BlackElo "2251"]
[TimeControl "180+2"]
[EndTime "14:25:42 PST"]
[Termination "MFBerna won by checkmate"]

1. e4 d6 2. d4 Nf6 3. Nc3 g6 4.
Nf3 Bg7 5. Be2 O-O 6. O-O c6 7. Re1 Nbd7 8. e5 dxe5 9. dxe5 Ng4 10. e6 fxe6 11. Bg5 Qb6 12. Bh4 Qxb2 13. Ne4 Qxa1 14. Qxa1 Bxa1 15. Rxa1 Ngf6 16. Neg5 Nb6 17. Ne5 Nfd5 18.
Bg3 Nf4 19. Bf1 Nd7 20. Ng4 Nc5 21. Rd1 Nd5 22. Be5 Nf6 23. Ne3 Nce4 24. Nf3 b6 25.
Bc4 Nd5 26. Ng4 Ndf6 27. Ne3 b5 28. Bb3 a5 29. a3 b4 30. axb4 axb4 31. Nd4 Bd7 32.
f3 Nc5 33. Bc4 Nd5 34. Ng4 Nc3 35. Nh6# 1-0

[Event "*** Titled Tuesday Blitz"]
[Site "Chess.com"]
[Date "2019.01.01"]
[Round "6"]
[White "Mr_Penings"]
[Black "Justinz"]
[Result "0-1"]
[WhiteElo "2489"]
[BlackElo "2357"]
[TimeControl "180+2"]
[EndTime "14:25:42 PST"]
[Termination "Justinz won on time"]

1. c4 e5 2. e3 Nc6 3. a3 Nf6 4.
Nc3 d5 5. cxd5 Nxd5 6. Qc2 Be7 7.
Nf3 O-O 8. h4 Nb6 9. b4 a6 10.
Ng5 f5 11. Qb3+ Kh8 12. Nf7+ Rxf7 13. Qxf7 Bf6 14. h5 e4 15. h6 g6 16. Bb2 Ne5 17. Qb3 Qd6 18. Be2 Be6 19. Qc2 Bc4 20. O-O Rd8 21. f4 Nd3 22. Rad1 Nxb2 23. Qxb2 Bxe2 24. Qa2 Bxf1 25. Qf7 Bd3 26. Rc1 Qe7 27. Qb3 Nc4 28. Na4 b5 29. Nc5 Rd6 30. Nb7 Rb6 31. Nc5 g5 32. a4 gxf4 33. axb5 axb5 34. Qa2 Rb8 35. Qa7 Rg8 36. Qa6 fxe3 37. dxe3 f4 38. Nd7 Bb2 39. Re1 f3 40. g3 Rxg3+ 0-1

[Event "*** Titled Tuesday Blitz"]
[Site "Chess.com"]
[Date "2019.01.01"]
[Round "6"]
[White "pastouche06"]
[Black "Fivetrick"]
[Result "1-0"]
[WhiteElo "2452"]
[BlackElo "2628"]
[TimeControl "180+2"]
[EndTime "14:25:43 PST"]
[Termination "pastouche06 won by resignation"]

1. d4 Nf6 2. c4 g6 3. Nc3 Bg7 4.
e4 d6 5. Be2 O-O 6. Nf3 e5 7.
d5 a5 8. Bg5 Na6 9. Nd2 Nc5 10.
O-O h6 11. Be3 Bd7 12. b3 Nh7 13. a3 f5 14. f3 f4 15. Bf2 Rf7 16. b4 Na6 17.
Rb1 Bf8 18. c5 Rg7 19. Nc4 g5 20. b5 Nxc5 21. Bxc5 dxc5 22. Nxe5 Bd6 23. Nc4 Qe7 24. b6 Rf8 25. bxc7 Bc8 26. Nb5 Be5 27. d6 Qe6 28. Nb6 g4 29. Bc4 Bd4+ 30. Nxd4 Qxc4 31. Nxc4 cxd4 32.
Qxd4 g3 33. hxg3 Rxg3 34. d7 1-0

[Event "*** Titled Tuesday Blitz"]
[Site "Chess.com"]
[Date "2019.01.01"]
[Round "6"]
[White "jerom555888"]
[Black "joppie2"]
[Result "1-0"]
[WhiteElo "2710"]
[BlackElo "2738"]
[TimeControl "180+2"]
[EndTime "14:25:44 PST"]
[Termination "jerom555888 won by resignation"]

1. Nf3 d5 2. g3 Nc6 3. Bg2 e5 4. d3 g6 5. O-O Bg7 6. e4 Nge7 7. c3 O-O 8. Nbd2 h6 9. Re1 Kh7 10. Qb3 a5 11. exd5 a4 12. Qc2 Nxd5 13. Nc4 Re8 14. h4 Bf5 15. Rd1 Qf6 16. Ncd2 Bg4 17. Re1 Nb6 18. Rb1 Qe6 19. b4 axb3 20. axb3 Rad8 21.
Ne4 Qd7 22. Nc5 Qd5 23. Ng5+ hxg5 24. Bxd5 Rxd5 25. b4 gxh4 26. gxh4 Bf3 27. Re3 Bh5 28. Nxb7 f5 29. Nc5 f4 30. Re4 Bf3 31. Bxf4 exf4 32.
Rxe8 Rh5 33. Ne6 Bh6 34. Kf1 Rxh4 35. Ke1 Bg4 36. Qb3 Ne5 37. Ng5+ Bxg5 38. Qg8+ 1-0

[Event "*** Titled Tuesday Blitz"]
[Site "Chess.com"]
[Date "2019.01.01"]
[Round "6"]
[White "GremioPrudente"]
[Black "MikeSailer"]
[Result "1-0"]
[WhiteElo "2025"]
[BlackElo "2104"]
[TimeControl "180+2"]
[EndTime "14:25:48 PST"]
[Termination "GremioPrudente won by resignation"]

1. Nf3 d5 2. d4 Nf6 3. c4 c6 4. e3 a6 5. a4 e6 6. Bd3 a5 7.
O-O Na6 8. Bd2 Nb4 9. Bxb4 Bxb4 10.
Nc3 O-O 11. Qc2 b6 12. Rfd1 Qe7 13. Ne5 Bb7 14. Rac1 Rac8 15. Qe2 Bxc3 16. Rxc3 dxc4 17. Bxc4 Ne4 18. Rc2 c5 19. dxc5 Nxc5 20. b3 Rfd8 21. Rcd2 Rxd2 22. Qxd2 g6 23. Nd7 Rd8 24. Nf6+ Qxf6 25.
Qxd8+ Qxd8 26. Rxd8+ Kg7 27. Rb8 Kf6 28. f3 h5 29. h3 Ke7 30. Kf2 Kd6 31. Ke2 Nd7 32.
Rxb7 Kc6 33. Ra7 Ne5 34. Bb5+ 1-0

[Event "*** Titled Tuesday Blitz"]
[Site "Chess.com"]
[Date "2019.01.01"]
[Round "6"]
[White "Matibar"]
[Black "bugsbunny444"]
[Result "1-0"]
[WhiteElo "2802"]
[BlackElo "2531"]
[TimeControl "180+2"]
[EndTime "14:25:55 PST"]
[Termination "Matibar won by resignation"]

1. e4 e6 2. d4 d5 3. Nc3 Nf6 4. Bg5 Bb4 5. e5 h6 6. Bh4 g5 7. Bg3 Ne4 8. Ne2 f5 9. f3 Nxg3 10.
hxg3 Qe7 11. a3 Ba5 12. Qd2 Bd7 13. f4 g4 14. b4 Bb6 15. Nc1 a5 16. b5 a4 17. Be2 Kf7 18. Nd1 c6 19. c3 cxb5 20. Nd3 Nc6 21. Nb4 Na5 22. Rb1 Rac8 23. Ne3 Bc6 24. Qd3 Qd7 25. Rh5 Nc4 26. Nxf5 exf5 27. Rxf5+ Ke7 28. Bxg4 Qc7 29. Rf6 Rcg8 30. Qf5 h5 31.
Rf7+ Kd8 32. Rxc7 Kxc7 33. Nxc6 bxc6 34. Qd7+ Kb8 35. Qxc6 hxg4 36. Rxb5 Ka7 37. Rxd5 Rc8 38. Rd7+ Ka6 39. Qb7+ Kb5 40. Rd5+ 1-0

[Event "*** Titled Tuesday Blitz"]
[Site "Chess.com"]
[Date "2019.01.01"]
[Round "6"]
[White "x-3738459472"]
[Black "josmito10"]
[Result "1/2-1/2"]
[WhiteElo "2539"]
[BlackElo "2763"]
[TimeControl "180+2"]
[EndTime "14:25:55 PST"]
[Termination "Game drawn - insufficient material"]

1. e4 c5 2. Nc3 Nc6 3. Bb5 Nd4 4. Bc4 e6 5. Nf3 Ne7 6. O-O Nec6 7. Nxd4 cxd4 8. Ne2 Bc5 9. c3 O-O 10. cxd4 Nxd4 11.
Nxd4 Bxd4 12. d3 b6 13. Qe2 Bb7 14. Be3 Bxe3 15. fxe3 d5 16. exd5 Bxd5 17. Bxd5 Qxd5 18. d4 Rac8 19. b3 Rc3 20. Rac1 Rfc8 21. Rxc3 Rxc3 22.
Qf3 f6 23. Qxd5 exd5 24. Rf5 Rxe3 25. Rxd5 Kf7 26. Kf2 Re7 27. Rd8 Ke6 28. d5+ Ke5 29. d6 Rf7 30. Ke3 g6 31. Kd3 Kd5 32. b4 Kc6 33. Kd4 b5 34. g4 f5 35. gxf5 Rxf5 36.
Ke4 Rh5 37. d7 Rxh2 38. Ke5 Rxa2 39. Rh8 Kxd7 40. Rxh7+ Kc6 41. Rg7 Ra4 42. Rxg6+ Kd7 43. Kd5 Rxb4 44. Rg7+ Kc8 45. Rxa7 Rb1 46. Kc5 b4 47. Rh7 b3 48. Kb4 b2 49. Kb3 Rd1 50.
Kxb2 Rd7 51. Rxd7 Kxd7 1/2-1/2

[Event "*** Titled Tuesday Blitz"]
[Site "Chess.com"]
[Date "2019.01.01"]
[Round "6"]
[White "guillembaches"]
[Black "IamSchrodingersCat"]
[Result "1-0"]
[WhiteElo "2380"]
[BlackElo "2460"]
[TimeControl "180+2"]
[EndTime "14:26:00 PST"]
[Termination "guillembaches won on time"]

1. e4 c5 2. Nf3 d6 3. d4 cxd4 4. Qxd4 Nc6 5. Qe3 g6 6. c4 Bg7 7. Be2 Nf6 8. h3 O-O 9. O-O Be6 10. Nc3 Rc8 11. Rd1 Qa5 12. Bd2 Qc7 13. Rac1 a6 14. Nd5 Qd8 15. Bc3 Bxd5 16. exd5 Nb8 17. Re1 Re8 18. Nd4 Nbd7 19. b4 Ne5 20. Bd2 b5 21. cxb5 Nxd5 22. Qb3 Nb6 23. Nc6 Qd7 24. Nxe5 Bxe5 25. bxa6 d5 26. Bf1 Bf6 27. Red1 d4 28.
Rc5 e5 29. Bb5 Qe7 30. Bxe8 Rxe8 31. Rdc1 e4 32. Rc6 Nd7 33. Rc8 Kg7 34. a7 Nb6 35.
Rxe8 Qxe8 36. Qc2 Qa8 37. Qc7 Nc8 38. Qb8 Qxa7 39. Rxc8 1-0

[Event "*** Titled Tuesday Blitz"]
[Site "Chess.com"]
[Date "2019.01.01"]
[Round "6"]
[White "Nathan_Filgueiras"]
[Black "biostatistician"]
[Result "1-0"]
[WhiteElo "2350"]
[BlackElo "2444"]
[TimeControl "180+2"]
[EndTime "14:26:00 PST"]
[Termination "Nathan_Filgueiras won by resignation"]

1. e4 e6 2. d4 d5 3. e5 b6 4. Nd2 Ba6 5. Bxa6 Nxa6 6. c3 Qd7 7. Ne2 c5 8. O-O Rc8 9. f4 Nh6 10. Nf3 cxd4 11. cxd4 Nb4 12. a3 Nc6 13. b4 Be7 14.
Bd2 O-O 15. h3 f5 16. Qb3 Rc7 17. Rac1 Rfc8 18. Nc3 a6 19. Ne2 Na7 20. a4 Rc4 21. Rxc4 Rxc4 22. Rc1 b5 23. a5 Nc6 24. Rxc4 bxc4 25.
Qa4 Qb7 26. b5 Qxb5 27. Qxb5 axb5 28. Ng5 Bxg5 29. fxg5 Nf7 30. a6 Nfd8 31. Ba5 Nf7 32. h4 Kf8 33. Nc3 Nh8 34. Nxb5 Ng6 35. g3 h5 36. a7 Nxa7 37. Nxa7 f4 38. Kg2 fxg3 39. Kxg3 Kf7 40. Bb4 Ne7 41. Bxe7 Kxe7 42. Nb5 Kf7 43.
Nc3 Kg6 44. Kf4 Kf7 45. Ne2 g6 46. Ke3 Kg7 47. Kd2 Kf7 48. Kc3 Ke7 49. Kb4 Kf7 50. Kc5 Ke7 51. Kc6 1-0

[Event "*** Titled Tuesday Blitz"]
[Site "Chess.com"]
[Date "2019.01.01"]
[Round "6"]
[White "Grieve72"]
[Black "Alexey_Potapov"]
[Result "0-1"]
[WhiteElo "2338"]
[BlackElo "2437"]
[TimeControl "180+2"]
[EndTime "14:26:04 PST"]
[Termination "Alexey_Potapov won by checkmate"]

1. d4 Nf6 2. Bg5 Ne4 3. Bf4 c5 4. f3 Nf6 5. dxc5 Qa5+ 6. Qd2 Qxc5 7. e4 d6 8. Nc3 g6 9. O-O-O Nc6 10. Nb5 Qb6 11.
e5 a6 12. Nxd6+ exd6 13. exf6 Be6 14. Ne2 O-O-O 15. Nc3 Qa5 16. Kb1 d5 17. Ne2 Bb4 18. c3 d4 19. cxb4 Qxa2+ 20. Kc1 Bb3 21. Qd3 Qa1+ 22.
Qb1 Qxb1+ 23. Kxb1 Bxd1 24. Ng3 d3 25. b5 Nb4 26.
Ne4 Bc2+ 27. Kc1 axb5 28. Nd6+ Rxd6 29. Bxd6 Nc6 30. Kd2 Rd8 31. Be7 Rd5 32. g4 Ne5 33. Bg2 Nc4+ 34. Kc3 Ne3 35. Bh3 d2 36. g5+ Kc7 37.
Ra1 d1=Q 38. Rxd1 Rxd1 39. Bc5 Rd3+ 40. Kb4 Rb3+ 41. Ka5 Nc4# 0-1

[Event "*** Titled Tuesday Blitz"]
[Site "Chess.com"]
[Date "2019.01.01"]
[Round "6"]
[White "kacprekt"]
[Black "TheBigBoss04"]
[Result "0-1"]
[WhiteElo "2377"]
[BlackElo "2513"]
[TimeControl "180+2"]
[EndTime "14:26:04 PST"]
[Termination "TheBigBoss04 won on time"]

1. d4 b6 2. c4 Bb7 3. e4 Nf6 4. e5 Ng8 5. f4 d5 6. cxd5 Bxd5 7. Nc3 e6 8. Nf3 Nh6 9. Bd3 Nf5 10. Bxf5 exf5 11.
O-O c6 12. Be3 Be7 13. Rc1 Be6 14. Qa4 O-O 15. Rfd1 b5 16. Qc2 b4 17. Na4 Bd5 18. Ne1 Nd7 19. b3 Be4 20. Qe2 Nb6 21. Nc5 Bxc5 22.
dxc5 Nd5 23. Qf2 Qa5 24. Bd4 Rad8 25. Ba1 Nc3 26. Rxd8 Rxd8 27. a4 Rd5 28. Bxc3 bxc3 29. Qe3 Qxc5 30. Rxc3 Qb4 31. Rxc6 h6 32. Rc8+ Kh7 33.
h3 Rd1 34. Rc1 Rxc1 35. Qxc1 Qxb3 36. a5 Qb4 37. Qa1 Bc6 38. Qc1 Be4 39. Qa1 Bc6 40.
Qc1 Qxa5 41. Kh2 Be4 42. Qe3 Qd5 43. g4 Qa2+ 44. Kg3 a5 45. g5 h5 46. Nf3 a4 47.
g6+ Kxg6 48. Qb6+ Qe6 49. Nh4+ Kh7 0-1